 Dungeon Crawl Stone Soup version 0.31.0-11-ge490571c62 (webtiles) character file.

Game seed: 7380397203877276702

44 qw the Shooter (level 3, -7/20 HPs)
             Began as a Deep Elf Hunter on Feb 3, 2024.
             Killed by nerve-wracking pain
             ... invoked by Jessica
              (14 damage)
             ... on level 3 of the Dungeon.
             The game lasted 00:00:04 (1523 turns).

qw the Shooter (Deep Elf Hunter)                    Turns: 1523, Time: 00:00:05

Health: -7/20      AC:  5    Str:  9    XL:     3   Next: 39%
Magic:  5/5        EV: 12    Int: 12    God:
Gold:   14         SH:  0    Dex: 22    Spells: 2/2 levels left

rFire   . . .        a - +0 shortbow
rCold   . . .        (shield currently unavailable)
rNeg    . . .        c - +0 leather armour
rPois   .            (no helmet)
rElec   .            (no cloak)
rCorr   .            (no gloves)
SInv    .            (no boots)
Will    +....        (no amulet)
Stlth   ++           (no ring)
HPRegen 0.23/turn    (no ring)
MPRegen 0.09/turn

%: no passive effects
@: no status effects
A: iridescent scales 1, agile 1, strong-willed 1, wild magic 1
a: no special abilities


You were on level 3 of the Dungeon.
You visited 1 branch of the dungeon, and saw 3 of its levels.

You collected 14 gold pieces.


Innate Abilities, Weirdness & Mutations

You are partially covered in iridescent scales. (AC +2)
You are agile. (Dex +4, Str/Int -1)
You are strong-willed. (Will+)
Your spells are a little harder to cast, but a little more powerful.


   Skills:
 - Level 1.5 Fighting
 - Level 7.0 Ranged Weapons
 + Level 2.4 Dodging
 - Level 1.2 Stealth


You had 2 spell levels left.
You didn't know any spells.
Your spell library was empty.

Inventory:

Hand Weapons
 a - a +0 shortbow (weapon)
Armour
 c - a +0 leather armour (worn)
Potions
 b - a potion of cancellation {unknown}
 f - a potion of heal wounds
 h - a potion of attraction {unknown}

Dungeon Overview and Level Annotations

Branches:
Dungeon (3/15)

Altars:
Ru

Shops:
D:1 (

Annotations:
D:3 Jessica


Message History

Found a stone staircase leading down.
A quokka comes into view.
Enter note:
Enter note:
Enter note: You shoot an arrow.
The arrow hits the quokka!
You kill the quokka!
A hobgoblin comes into view.
You shoot an arrow. The hobgoblin shouts!
The arrow hits the hobgoblin.
The hobgoblin is heavily wounded.
You shoot an arrow. The arrow hits the hobgoblin.
You kill the hobgoblin!
Found a potion of degeneration.
b - a ruby potion You open the door.
There is an open door here.
There is an open door here.
Found a sacrificial altar of Ru.
An endoplasm comes into view.
You shoot an arrow.
The arrow hits the endoplasm but does no damage.
You shoot an arrow. The arrow hits the endoplasm.
The endoplasm is severely wounded.
You shoot an arrow. The arrow hits the endoplasm!
You kill the endoplasm!
Your Ranged Weapons skill increases to level 7!
Jessica the Apprentice Sorceress comes into view.
She is wielding a +0 dagger and carrying a wand of flame.
Found a dagger.
You shoot an arrow. The arrow hits Jessica!
Jessica shouts!
Jessica is almost dead.
Jessica zaps a wand.
The puff of flame hits you.
Jessica zaps a wand.
The puff of flame hits you!
You shoot an arrow. The arrow closely misses Jessica.
Jessica points at you and mumbles some strange words.
Pain shoots through your body!
Ouch! That really hurt!
You die...

#.####.####.# #.#.......#.#
#.#.##.##.#.#
#########.#.#...#.#.######.#
#............._............#
#.#######.#.#...#.#.######.#
#.# #.#.##.##.#.# #.#.#
#.#.......#.# #.#.#
#.####@####.# #.#.#
#.......@...# #.#.#
######.###### #.#.# ...
#.#.# . =.. #.#.####.. #....
........... .....
........... #)....
...........


You could see Jessica.

Vanquished Creatures
  2 adders
  A dart slug (D:1)
  An orc (D:2)
  2 ball pythons
  2 endoplasms
  4 hobgoblins
  A quokka (D:3)
  3 bats (D:2)
  A frilled lizard (D:3)
  2 kobolds (D:1)
  6 rats
25 creatures vanquished.

Notes
Turn   | Place    | Note
-------+----------+-------------------------------------------
     0 | D:1      | qw the Deep Elf Hunter began the quest for the Orb.
     0 | D:1      | Reached XP level 1. HP: 12/12 MP: 3/3
     0 | D:1      | 0 ||| qw: Version: 0.3-a-155-g5e7d8dd
     0 | D:1      | 0 ||| qw: Game counter: 3111
     0 | D:1      | 0 ||| qw: Melee chars always use a shield: true
     0 | D:1      | 0 ||| qw: God list: Okawaru
     0 | D:1      | 0 ||| qw: Allow faded altars: false
     0 | D:1      | 0 ||| qw: Do Orc after clearing Dungeon:15 true
     0 | D:1      | 0 ||| qw: Do second Lair branch before Depths: true
     0 | D:1      | 0 ||| qw: Lair rune preference: random
     0 | D:1      | 0 ||| qw: Goals: Normal
     0 | D:1      | 0 ||| PLANNING D:1-11
   554 | D:1      | Found Qicvun's Antique Weapon Emporium.
   769 | D:1      | 769 ||| READING scroll labelled AXUSETW MUOF.
   770 | D:1      | 770 ||| READING scroll labelled YBEIKE SUOT.
   771 | D:1      | 771 ||| DROPPING scroll of butterflies.
   790 | D:2      | 790 ||| STAIRDANCE
   795 | D:1      | Reached XP level 2. HP: 12/16 MP: 4/4
   815 | D:2      | 815 ||| STAIRDANCE
   820 | D:1      | HP: 4/16 [poisoned by an adder]
   826 | D:1      | Reached skill level 6 in Ranged Weapons
   935 | D:2      | Reached XP level 3. HP: 20/20 MP: 5/5
  1309 | D:2      | 1309 ||| READING 2 scrolls labelled OGHIFUP LATACU.
  1309 | D:2      | 1309 ||| IDENTIFYING brown potion
  1310 | D:2      | 1310 ||| READING scroll of identify.
  1310 | D:2      | 1310 ||| IDENTIFYING red potion
  1311 | D:2      | 1311 ||| READING scroll labelled KEJI QE TAG.
  1312 | D:2      | 1312 ||| DRINKING 2 golden potions.
  1312 | D:2      | Gained mutation: You occasionally lose the ability to drink
                  | potions when taking damage. [potion of mutation]
  1313 | D:2      | 1313 ||| DRINKING potion of mutation.
  1313 | D:2      | Lost mutation: You occasionally lose the ability to drink
                  | potions when taking damage. [potion of mutation]
  1313 | D:2      | Gained mutation: Your spells are a little harder to cast,
                  | but a little more powerful. [potion of mutation]
  1313 | D:2      | Gained mutation: You are strong-willed. (Will+) [potion of
                  | mutation]
  1313 | D:2      | Gained mutation: You are agile. (Dex +4, Str/Int -1)
                  | [potion of mutation]
  1313 | D:2      | Gained mutation: You are partially covered in iridescent
                  | scales. (AC +2) [potion of mutation]
  1314 | D:2      | 1314 ||| DROPPING potion of degeneration.
  1487 | D:3      | Found a sacrificial altar of Ru.
  1504 | D:3      | Reached skill level 7 in Ranged Weapons
  1521 | D:3      | Noticed Jessica
  1523 | D:3      | Killed from afar by Jessica

Levels and vault maps discovered:
D:1:      orjb1_lava_funnel, layout_loops_corners, serial_shops,
          nicolae_shop_window_shopping, chequers_serial_rivers_room_b
D:2:      layout_rooms, serial_corexii_hall, corexii_hall_statues_i,
          corexii_hall_statues_l, chequers_hall_statues_corner_a
D:3:      layout_basic, lemuel_tele_altar, nicolae_ru_sacrificial_ziggurat,
          serial_bayou_crossing, uniq_jessica

Skill      XL: |  1  2  3 |
---------------+----------+-----
Ranged Weapons | 6 7 |  7.0
Fighting       | |  1.5
Dodging        | |  2.4
Stealth        | |  1.2

Action                     || total
---------------------------++-------
   Fire: Shortbow          ||    72
    Use: Scroll            ||     5
         Potion            ||     2
 Armour: Leather armour    ||    24
  Dodge: Dodged            ||    20

Table legend:
 A = Non-vault XP
 B = Vault XP
 C = Vault XP percentage of total XP
 D = Non-vault monster count
 E = Vault monster count
 F = Vault count percentage of total count
                 A         B        C        D         E       F
            +---------+---------+-------+---------+---------+-------
      Total |      63 |       0 |   0.0 |      25 |       0 |   0.0
            +---------+---------+-------+---------+---------+-------
        D:1 |      26 |       0 |   0.0 |       9 |       0 |   0.0
        D:2 |      27 |       0 |   0.0 |      10 |       0 |   0.0
        D:3 |      10 |       0 |   0.0 |       6 |       0 |   0.0
            +---------+---------+-------+---------+---------+-------
